 Dungeon Sprint DCSS version 0.16-a0-3761-g2321f2b (console) character file.

3623 Monkaria the Grappler (level 9, 0/109 HPs)
             Began as a Troll Fighter on Jan 24, 2015.
             Was an Elder of Cheibriados.
             Slain by an unseen horror (6 damage)
             ... in the Dungeon (Sprint I: "Red Sonja").
             The game lasted 00:06:21 (943 turns).

Monkaria the Grappler (Troll Fighter)                Turns: 943, Time: 00:06:22

Health: 0/109      AC:  5    Str: 43    XL:     9   Next: 87%
Magic:  4/4        EV:  9    Int: 18    God:    Cheibriados [****..]
Gold:   515        SH: 14    Dex: 18    Spells: 0 memorised, 8 levels left

rFire  . . .     SeeInvis .       - Unarmed
rCold  . . .     Clarity  .     o - troll hide
rNeg   . . .     SustAb   .     c - +0 shield
rPois  +         Gourm    +     (helmet restricted)
rElec  .         Spirit   .     (no cloak)
rCorr  .         Warding  .     (gloves unavailable)
rMut   .         NoTele   +     (boots unavailable)
MR     .....                    (no amulet)
Stlth  +.........               (no ring)
                                p - ring of poison resistance

@: mighty, brilliant, very slightly contaminated, very slow, not resistant to
hostile enchantments, very unstealthy
A: unfitting armour, claws 3, fast metabolism 3, gourmand, regeneration 2,
shaggy fur 1, tough skin 2
a: Bend Time, Temporal Distortion, Slouch, Renounce Religion


You were in the Dungeon.
You worshipped Cheibriados.
Cheibriados was greatly pleased with you.
You were very full.

You visited 1 branch You collected 755 gold pieces.
You spent 240 gold pieces at shops.

Inventory:

Missiles
 m - 7 poisoned needles
Armour
 c - a +0 shield (worn)
 o - a troll hide (worn)
Jewellery
 p - a ring of poison resistance (left claw)
Magical devices
 k - a wand of confusion (0)
Scrolls
 b - a scroll of remove curse {unknown}
 i - a scroll of identify {unknown}
Potions
 g - a potion of haste
 h - 2 potions of magic
 l - a potion of brilliance
Comestibles
 a - 2 meat rations
 n - a bread ration


   Skills:
 - Level 12.6 Fighting
 + Level 4.3 Armour
 - Level 9.2 Shields
 - Level 13.3 Unarmed Combat


You had 8 spell levels left.
You didn't know any spells.

Dungeon Overview and Level Annotations

Branches:
Dungeon (1/1)

Altars:
Cheibriados
Dithmenos
Elyvilon
Fedhas
Gozag
Kikubaaqudgha
Makhleb
Nemelex Xobeh
Okawaru
Qazlal
Ru
Sif Muna
Trog
Vehumet
Xom
Yredelemnul
Zin
The Shining One
Jiyva

Shops:
D =[


Innate Abilities, Weirdness & Mutations

You are too large for most types of armour.
You have claws for hands.
Your metabolism is lightning-fast.
You like to eat raw meat.
You heal very quickly.
You are covered in fur (AC +1).
You have very tough skin (AC +2).


Message History

You feel very mighty all of a sudden. Something hits you!
* * * LOW HITPOINT WARNING * * *
Drink which item? (? for menu, Esc to quit)
It was a potion of brilliance.
You feel clever all of a sudden. Something hits you!
* * * LOW HITPOINT WARNING * * *
Something hits you.
* * * LOW HITPOINT WARNING * * *
Drink which item? (? for menu, Esc to quit)
Okay, then.
Read which item? (? for menu, Esc to quit)
Blink to where?
Press: ? - help, Dir - move target cursor You are very lightly contaminated with residual magic.
As you read the scroll of blinking, it crumbles to dust.
Something completely misses you. You block its attack.
You eviscerate something!!! Something hits you.
You die...

##'#§§))§§§.'..#
.'..._#≈§≈§.#..#
##_.#'##'#####'###
###+#.#.§(.###.'.#
# ####'###(###.#
+.....'.∩##.#
###########§#
#.......##§#
#.........@#
#+..######{#
.....{§§#§# #§§#
####


There were no monsters in sight!

Vanquished Creatures
  2 centaur warriors (D)
  A deep troll (D)
  An oklob plant (D)
  A slime creature (D)
  4 trapdoor spiders (D)
  A yak (D)
  A wasp (D)
  An ogre (D)
  Sigmund (D)
  5 jellies (D)
  Ijyb (D)
  A giant eyeball (D)
20 creatures vanquished.

Vanquished Creatures (others)
  A gargoyle (D)
1 creature vanquished.

Grand Total: 21 creatures vanquished

Notes
Turn   | Place    | Note
--------------------------------------------------------------
     0 | D        | Monkaria, the Troll Fighter, began the quest for the Orb.
     0 | D        | Reached XP level 1. HP: 22/22 MP: 1/1
     1 | D        | Noticed Ijyb
    91 | D        | Killed Ijyb
    91 | D        | Reached skill level 5 in Unarmed Combat
    91 | D        | Reached XP level 2. HP: 21/29 MP: 1/1
   109 | D        | Noticed an ogre
   114 | D        | Killed an ogre
   114 | D        | Reached skill level 9 in Unarmed Combat
   114 | D        | Reached XP level 3. HP: 36/36 MP: 2/2
   114 | D        | Reached XP level 4. HP: 44/44 MP: 2/2
   119 | D        | Noticed Sigmund
   131 | D        | Killed Sigmund
   131 | D        | Reached skill level 10 in Unarmed Combat
   131 | D        | Reached XP level 5. HP: 42/50 MP: 2/2
   155 | D        | Found a deep blue altar of Sif Muna.
   156 | D        | Noticed a jelly
   157 | D        | Found a radiant altar of Vehumet.
   160 | D        | Killed a jelly
   160 | D        | Reached skill level 11 in Unarmed Combat
   179 | D        | Found Fraiduar's Jewellery Emporium.
   179 | D        | Found a white marble altar of Elyvilon.
   179 | D        | Found a stormy altar of Qazlal.
   179 | D        | Found a basalt altar of Yredelemnul.
   179 | D        | Found an iron altar of Okawaru.
   179 | D        | Found a sparkling altar of Nemelex Xobeh.
   179 | D        | Found a shimmering altar of Xom.
   179 | D        | Found an ancient bone altar of Kikubaaqudgha.
   179 | D        | Noticed a yak
   183 | D        | Killed a yak
   183 | D        | Reached skill level 13 in Unarmed Combat
   183 | D        | Reached XP level 6. HP: 59/59 MP: 3/3
   184 | D        | Found a burning altar of Makhleb.
   184 | D        | Found a sacrificial altar of Ru.
   184 | D        | Found a glowing golden altar of the Shining One.
   184 | D        | Found an opulent altar of Gozag.
   184 | D        | Found a glowing silver altar of Zin.
   185 | D        | Found a bloodstained altar of Trog.
   206 | D        | Found a viscous altar of Jiyva.
   206 | D        | Found a blossoming altar of Fedhas.
   206 | D        | Noticed a slime creature
   207 | D        | Found a snail-covered altar of Cheibriados.
   207 | D        | Found a shadowy altar of Dithmenos.
   214 | D        | Killed a slime creature
   214 | D        | Reached XP level 7. HP: 34/75 MP: 3/3
   299 | D        | Noticed a centaur warrior
   300 | D        | Noticed a centaur warrior
   311 | D        | Killed a centaur warrior
   311 | D        | Reached skill level 10 in Fighting
   311 | D        | Reached XP level 8. HP: 94/94 MP: 3/3
   317 | D        | Killed a centaur warrior
   359 | D        | Noticed a wasp
   365 | D        | Killed a gargoyle
   371 | D        | Killed a wasp
   470 | D        | Became a worshipper of Cheibriados the Contemplative
   479 | D        | Noticed a deep troll
   483 | D        | Killed a deep troll
   483 | D        | Reached XP level 9. HP: 37/109 MP: 0/4
   592 | D        | Found Caghiad's Armour Emporium.
   612 | D        | Noticed an oklob plant
   658 | D        | Killed an oklob plant
   686 | D        | Bought an uncursed ring of poison resistance for 240 gold pieces
   709 | D        | Noticed a trapdoor spider
   713 | D        | Noticed a trapdoor spider
   714 | D        | Killed a trapdoor spider
   718 | D        | Killed a trapdoor spider
   721 | D        | Noticed a trapdoor spider
   723 | D        | Killed a trapdoor spider
   751 | D        | Noticed a trapdoor spider
   758 | D        | Killed a trapdoor spider
   915 | D        | Noticed a jelly
   915 | D        | Noticed a jelly
   915 | D        | Noticed a jelly
   917 | D        | Noticed a jelly
   917 | D        | Paralysed by a giant eyeball for 4 turns
   924 | D        | Killed a jelly
   924 | D        | Acquired Cheibriados' first power
   926 | D        | Killed a jelly
   928 | D        | Killed a jelly
   931 | D        | Killed a jelly
   931 | D        | Acquired Cheibriados' second power
   941 | D        | HP: 5/109 [something (4)]
   943 | D        | Slain by an unseen horror

Action                   |  1- 3 |  4- 6 |  7- 9 || total
-------------------------+-------+-------+-------++-------
Melee: Unarmed           |    28 |    23 |    58 ||   109
Invok: Bend Time         |       |       |     1 ||     1
  Use: Potion            |       |       |     6 ||     6
       Scroll            |       |       |     1 ||     1
  Eat: Chunk             |     2 |       |    11 ||    13
